 Dungeon Crawl Stone Soup version 0.25.1-11-g244df3a29b (webtiles) character file.

Game seed: 9610561935260020431

67418 DeepDeath the Basher (level 15, -12/93 HPs)
             Began as a Gargoyle Abyssal Knight on Jan 20, 2024.
             Was the Champion of Lugonu.
             Mangled by an enormous slime creature (48 damage)
             ... on level 12 of the Dungeon.
             The game lasted 01:04:42 (19951 turns).

DeepDeath the Basher (Gargoyle Abyssal Knight)     Turns: 19951, Time: 01:04:43

Health: -12/93     AC: 33    Str: 29    XL:     15   Next: 23%
Magic:  0/30       EV: 10    Int: 14    God:    Lugonu [******]
Gold:   3121       SH:  0    Dex:  6    Spells: 14/14 levels left

rFire    . . .     SeeInvis +   e - +4 flail (freeze)
rCold    . . .     Gourm    .   (no shield)
rNeg     + + .     Faith    .   B - +2 chain mail {rN+}
rPois    ∞         Spirit   +   J - +2 helmet of Fedhas's Hope {Str+8 Dex-3}
rElec    +         Reflect  .   M - +0 cloak
rCorr    .         Harm     .   x - +1 pair of gloves
MR       +....                  U - +0 pair of boots
Stlth    ..........             t - amulet of guardian spirit
HPRegen  0.25/turn              i - ring of magical power
MPRegen  0.22/turn              V - ring of see invisible

@: no status effects
A: big wings, negative energy resistance 1, electricity resistance, unbreathing,
petrification resistance, rot immunity, AC +11
a: Fly, Depart the Abyss, Bend Space, Banish, Corrupt, Enter the Abyss, Brand
Weapon With Distortion, Renounce Religion


You were on level 12 of the Dungeon.
You worshipped Lugonu.
Lugonu was exalted by your worship.
You were very hungry.

You visited 3 branches of the dungeon, and saw 18 of its levels.
You visited the Abyss 1 time.

You collected 3419 gold pieces.
You spent 298 gold pieces at shops.

Inventory:

Hand Weapons
 e - a +4 flail of freezing (weapon)
 q - the +5 hunting sling "Okazol" {flame, rN+}
   (You found it on level 1 of the Lair of Beasts)

   It causes projectiles fired from it to burn those they strike, causing extra
   injury to most foes and up to half again as much damage against particularly
   susceptible opponents.
   It protects you from negative energy.
 w - a +3 flail of electrocution
 P - a +0 dire flail
Missiles
 g - 42 poisoned darts (quivered)
 k - 6 javelins
 p - 145 sling bullets
 v - 10 boomerangs
Armour
 j - a +0 buckler
 x - a +1 pair of gloves (worn)
 B - a +2 chain mail of positive energy (worn)
 J - the +2 helmet of Fedhas's Hope (worn) {Str+8 Dex-3}
   (You found it on level 9 of the Dungeon)

   It affects your strength (+8).
   It affects your dexterity (-3).
 M - a +0 cloak (worn)
 O - the +0 hat of Focus {-Tele *Corrode rC++ Dex+8}
   (You found it on level 2 of the Lair of Beasts)

   It affects your dexterity (+8).
   It greatly protects you from cold.
   It prevents most forms of teleportation.
   It may corrode you when you take damage.
 U - a +0 pair of boots (worn)
Jewellery
 i - a ring of magical power (left hand)
 t - an amulet of guardian spirit (around neck)
 Q - an uncursed ring of ice
 V - a ring of see invisible (right hand)
Wands
 d - a wand of polymorph (7)
 r - a wand of iceblast (16)
 y - a wand of disintegration (25)
 D - a wand of digging (5)
 I - a wand of flame (20)
 T - a wand of paralysis (9)
 W - a wand of enslavement (9)
Scrolls
 z - a scroll of fog
 C - 7 scrolls of teleportation
 E - a scroll of identify
 H - a scroll of enchant armour
 R - 2 scrolls of magic mapping
Potions
 a - a potion of mutation
 c - 2 potions of curing
 l - a potion of ambrosia
 n - a potion of berserk rage
 u - 3 potions of stabbing
 A - a potion of resistance
 S - 5 potions of haste
Miscellaneous
 F - a phial of floods
Comestibles
 f - 23 rations


   Skills:
 * Level 10.6 Fighting
   Level 2.9(9.6) Axes
 - Level 14.8(15.0) Maces & Flails
 - Level 5.8(8.0) Slings
 - Level 8.6(9.4) Throwing
 + Level 9.3 Armour
 + Level 4.4 Dodging
 - Level 2.0 Stealth
 * Level 1.4 Shields
 - Level 9.0 Invocations
 - Level 4.0 Evocations


You had 14 spell levels left.
You didn't know any spells.
Your spell library contained the following spells:

 Spells                   Type           Power        Failure   Level  Hunger
 Corona                   Hex            #......      77%         1    ##.....
 Ensorcelled Hibernation  Hex/Ice        #.....       88%         2    ###....
 Confusing Touch          Hex            #.......     98%         3    ####...
 Dazzling Flash           Conj/Hex       #.....       98%         3    ####...
 Tukima's Dance           Hex            #.......     98%         3    ####...


Dungeon Overview and Level Annotations

Branches:
Dungeon (12/15)            Temple (1/1) D:7            Lair (5/6) D:9
  Swamp (0/4) Lair:2        Snake (0/4) Lair:2        Slime (0/5) Lair:5
    Orc (0/2) D:9

Altars:
Cheibriados
Gozag
Kikubaaqudgha
Nemelex Xobeh
Ru
Trog
Beogh

Shops:
D:9 [

Annotations:
Lair:1 exclusion: 4 oklob plants
Lair:2 exclusion: oklob plant


Innate Abilities, Weirdness & Mutations

You are resistant to torment.
Your stone body is resilient. (AC +11)
You are immune to poison.
Your large and strong wings let you fly indefinitely.
You resist negative energy. (rN+)
You are resistant to electric shocks. (rElec)
You can survive without breathing.
You are immune to petrification.
You are immune to rotting.


Message History

You thump the enormous slime creature! You freeze the enormous slime creature.
The enormous slime creature is moderately wounded.
The slime creature hits you but does no damage.
You sock the enormous slime creature! You freeze the enormous slime creature.
The enormous slime creature is heavily wounded.
The enormous slime creature hits you!!!
The slime creature hits you but does no damage.
You hear a shout!
Your chain mail prevents you from hitting the enormous slime creature.
The enormous slime creature is heavily wounded.
The enormous slime creature hits you!!!
* * * LOW HITPOINT WARNING * * *
The slime creature hits you but does no damage.
You are too injured to fight recklessly!
You are too injured to fight recklessly!
Unknown command.
Okay, then.
You feel much better. The enormous slime creature hits you!!!
Ouch! That really hurt!
You die...

..#.#..##.. .
.......#.. #.
#.##(..#(. #.
#.##...... #.#
#..[....(. #..##
###(......
#..#########÷....#(
#J#......<).......
#@J.###.))).##....
#?......#######.#.
##.#..### #.#.
#.#...# #.#.
#...#.# # ...##.#
..... . #..#.. #
###.


You could see an enormous slime creature and a slime creature.

Vanquished Creatures
  Josephine (D:10)
  3 hydras
  Fannar (D:10)
  9 death yaks (D:9)
  2 two-headed ogres (D:10)
  A tengu warrior (D:11)
  2 unseen horrors (D:11)
  A deep elf mage (D:11)
  A cyclops (D:12)
  5 elephants (Lair:2)
  An ice statue (Lair:4)
  3 black mambas
  A torpor snail (Lair:3)
  5 komodo dragons
  9 spiny frogs
  A rime drake (Lair:3)
  A tengu conjurer (D:11)
  3 trolls
  Grinder (D:3)
  14 blink frogs
  2 slime creatures (Lair:5)
  8 hippogriffs
  A meliai zombie (D:10)
  2 shadows
  38 yaks
  2 wyverns (D:10)
  2 basilisks (Lair:1)
  6 wraiths (D:10)
  4 hogs
  A human (D:7)
  4 hungry ghosts
  2 nagas (Lair:2)
  11 water moccasins
  10 porcupines
  A black bear (D:9)
  An eye of draining (D:12)
  5 ice beasts
  3 sky beasts
  2 phantoms
  8 orc warriors
  A necrophage (D:7)
  5 wolves
  7 ogres
  5 centaurs
  8 crocodiles
  4 big kobolds
  16 bullfrogs
  6 scorpions
  9 wights (D:10)
  A killer bee (D:7)
  4 howler monkeys
  6 electric eels
  6 crimson imps
  A quasit (D:8)
  A bullfrog zombie (D:12)
  5 jellies
  7 orc wizards
  3 centaur skeletons
  6 orc priests
  4 bullfrog skeletons
  6 hounds
  3 iguanas
  6 worker ants
  2 hound zombies (D:7)
  A hound skeleton (D:7)
  2 howler monkey zombies
  2 worker ant zombies
  6 gnolls
  10 adders
  5 shadow imps
  7 oozes
  An adder zombie (D:5)
  An adder skeleton (D:7)
  2 worms (D:2)
  2 dart slugs
  5 leopard geckos
  74 orcs
  8 bats
  9 giant cockroaches
  6 hobgoblins
  13 jackals
  7 quokkas
  A ball python (D:3)
  6 frilled lizards
  8 goblins
  24 kobolds
  2 leopard gecko skeletons (D:6)
  A leopard gecko zombie (D:7)
  2 quokka skeletons (D:6)
  3 rats
  24 plants
532 creatures vanquished.

Vanquished Creatures (others)
  3 bushes
  A fungus (Lair:4)
  8 plants
12 creatures vanquished.

Grand Total: 544 creatures vanquished

Notes
Turn   | Place    | Note
-------+----------+-------------------------------------------
     0 | Abyss:1  | DeepDeath the Gargoyle Abyssal Knight began the quest for
                  | the Orb.
     0 | Abyss:1  | Reached XP level 1. HP: 14/14 MP: 2/2
    55 | Abyss:1  | Noticed a blink frog
    57 | D:1      | Escaped the Abyss
   254 | D:1      | Reached XP level 2. HP: 14/19 MP: 3/3
   374 | D:1      | Reached * piety under Lugonu
   383 | D:1      | Reached skill level 3 in Maces & Flails
   434 | D:1      | Reached XP level 3. HP: 22/23 MP: 4/4
   687 | D:1      | Reached skill level 4 in Maces & Flails
  1204 | D:2      | Reached XP level 4. HP: 25/28 MP: 5/5
  1340 | D:2      | Reached ** piety under Lugonu
  1886 | D:3      | Reached skill level 5 in Maces & Flails
  1890 | D:3      | Reached XP level 5. HP: 29/32 MP: 6/6
  2402 | D:4      | Noticed Grinder
  2416 | D:4      | Paralysed by Grinder for 3 turns
  2423 | D:3      | Paralysed by Grinder for 6 turns
  2430 | D:3      | Paralysed by Grinder for 2 turns
  2684 | D:4      | Noticed an ogre
  2694 | D:4      | Killed an ogre
  2694 | D:4      | Reached skill level 6 in Maces & Flails
  2694 | D:4      | Reached XP level 6. HP: 17/37 MP: 7/7
  3104 | D:4      | Found an opulent altar of Gozag.
  3113 | D:4      | Found a sacrificial altar of Ru.
  3132 | D:4      | You fall into a shaft and drop 1 floor!
  3132 | D:5      | Entered Level 5 of the Dungeon
  3137 | D:5      | Noticed a phantom
  3218 | D:5      | Killed a phantom
  3218 | D:5      | Reached skill level 7 in Maces & Flails
  3229 | D:5      | Noticed an ice beast
  3232 | D:5      | Reached *** piety under Lugonu
  3249 | D:5      | Killed an ice beast
  3249 | D:5      | Reached XP level 7. HP: 21/41 MP: 8/8
  4204 | D:4      | Reached skill level 8 in Maces & Flails
  4527 | D:5      | Reached skill level 1 in Dodging
  4692 | D:5      | Reached skill level 1 in Throwing
  4692 | D:5      | Reached skill level 1 in Stealth
  4692 | D:5      | Reached XP level 8. HP: 30/48 MP: 9/9
  5636 | D:6      | Reached skill level 9 in Maces & Flails
  5921 | D:6      | Identified a scroll of acquirement
  5921 | D:6      | Acquired 1980 gold pieces
  6039 | D:7      | Reached XP level 9. HP: 35/52 MP: 11/11
  6166 | D:6      | Reached **** piety under Lugonu
  6166 | D:6      | Reached skill level 5 in Fighting
  6166 | D:6      | Reached skill level 1 in Evocations
  6485 | D:7      | Found a staircase to the Ecumenical Temple.
  6522 | Temple   | Entered the Ecumenical Temple
  6534 | Temple   | Reached skill level 10 in Maces & Flails
  6926 | D:7      | Reached skill level 5 in Armour
  6926 | D:7      | Reached skill level 5 in Invocations
  6926 | D:7      | Reached XP level 10. HP: 34/60 MP: 13/13
  7109 | D:7      | Reached skill level 11 in Maces & Flails
  8123 | D:8      | Reached skill level 12 in Maces & Flails
  8585 | D:9      | Found a roughly hewn altar of Beogh.
  8643 | D:9      | Reached ***** piety under Lugonu
  8789 | D:9      | Got a faintly glowing helmet
  8790 | D:9      | Identified the +2 helmet of Fedhas's Hope {Str+8 Dex-3}
                  | (You found it on level 9 of the Dungeon)
  8859 | D:9      | Found a staircase to the Orcish Mines.
  8859 | D:9      | Found Yceamp's Armour Emporium.
  9118 | D:9      | Bought a +0 cloak for 58 gold pieces
  9148 | D:9      | Reached XP level 11. HP: 56/66 MP: 15/15
  9221 | D:9      | Found a bloodstained altar of Trog.
  9249 | D:9      | Found an ancient bone altar of Kikubaaqudgha.
  9250 | D:9      | Found a sparkling altar of Nemelex Xobeh.
  9336 | D:9      | Noticed a death yak
  9395 | D:9      | Noticed a death yak
  9398 | D:9      | Noticed a death yak
  9399 | D:9      | Noticed a death yak
  9405 | D:9      | Noticed a death yak
  9406 | D:9      | Noticed a death yak
  9409 | D:9      | Noticed a death yak
  9411 | D:9      | Killed a death yak
  9413 | D:9      | Noticed a death yak
  9414 | D:9      | Killed a death yak
  9415 | D:9      | Killed a death yak
  9417 | D:9      | Killed a death yak
  9417 | D:9      | Reached skill level 13 in Maces & Flails
  9421 | D:9      | Noticed a death yak
  9428 | D:9      | Killed a death yak
  9428 | D:9      | Killed a death yak
  9433 | D:9      | Killed a death yak
  9436 | D:9      | Killed a death yak
  9441 | D:9      | Killed a death yak
  9441 | D:9      | Reached skill level 14 in Maces & Flails
  9592 | D:9      | Found a staircase to the Lair.
  9805 | D:9      | Reached XP level 12. HP: 72/73 MP: 16/16
  9916 | D:9      | Bought a +2 chain mail of positive energy for 240 gold
                  | pieces
  9942 | D:10     | Entered Level 10 of the Dungeon
 10251 | D:10     | Reached skill level 1 in Axes
 10301 | D:10     | Noticed Josephine
 10301 | D:10     | Noticed a two-headed ogre
 10503 | D:10     | Noticed Fannar
 10569 | D:10     | Killed Fannar
 10704 | D:10     | Killed a two-headed ogre
 10733 | D:10     | Killed Josephine
 10873 | D:10     | Reached skill level 5 in Throwing
 11292 | D:10     | Noticed a two-headed ogre
 11313 | D:10     | Killed a two-headed ogre
 11739 | Lair:1   | Entered Level 1 of the Lair of Beasts
 11763 | Lair:1   | Noticed a six-headed hydra
 11775 | Lair:1   | Killed a six-headed hydra
 11814 | Lair:1   | Identified the +5 hunting sling "Okazol" {flame, rN+} (You
                  | found it on level 1 of the Lair of Beasts)
 11981 | Lair:1   | Reached ****** piety under Lugonu
 12269 | Lair:1   | Reached XP level 13. HP: 57/80 MP: 18/18
 13093 | Lair:2   | Found a staircase to the Snake Pit.
 13343 | Lair:2   | Got an ichor-stained hat
 13345 | Lair:2   | Identified the cursed +0 hat of Focus {-Tele *Corrode rC++
                  | Dex+8} (You found it on level 2 of the Lair of Beasts)
 13390 | Lair:2   | Found a snail-covered altar of Cheibriados.
 13548 | Lair:2   | Identified the +3 halberd of Wrongful Imprisonment {vorpal,
                  | rPois} (You found it on level 2 of the Lair of Beasts)
 14233 | Lair:2   | Found a staircase to the Swamp.
 15378 | Lair:3   | Reached skill level 10 in Fighting
 17112 | Lair:5   | Found a staircase to the Slime Pits.
 17375 | Lair:5   | Gained mutation: Your large and strong wings let you fly
                  | indefinitely. [Gargoyle growth]
 17375 | Lair:5   | Reached XP level 14. HP: 71/88 MP: 20/20
 17986 | Lair:5   | Reached skill level 5 in Slings
 17986 | Lair:5   | Reached XP level 15. HP: 92/92 MP: 21/21
 18724 | D:3      | Killed Grinder
 19684 | D:11     | Reached skill level 1 in Shields
 19951 | D:12     | Mangled by an enormous slime creature

Illustrated notes

Levels and vault maps discovered:
D:1:      dpeg_cavernosity, layout_rooms, serial_bayou, serial_bayou_pond_a,
          serial_bayou_lagoon_a, serial_bayou_pond_d, serial_bayou_shore_b
D:2:      layout_loops_ring, first_ration
D:3:      layout_basic, hangedman_decor_push, minmay_misc_feat_ornament,
          grunt_decor_mini_mirrors
D:4:      layout_layer_cave, grunt_temple_overflow_open, uniq_grinder
D:5:      layout_cave_pools, lexackson_kobold_supper
D:6:      layout_loops_ring
D:7:      cheibrodos_fzero, layout_basic, minmay_temple_entry_water_ring,
          grunt_livestock, chequers_big_river, st_stairs_1,
          kennysheep_generic_room_6
D:8:      layout_rooms
D:9:      layout_roguey [special_room_orc], nicolae_overflow_hidden_temple,
          dpeg_lair_monsters, orc_david_3
D:10:     layout_cave_pods, uniq_fannar, uniq_josephine
D:11:     layout_cave_pools
D:12:     minmay_chambers_of_sixes, layout_rooms, chequers_garden
Temple:   regret_index_temple_sphere_string
Lair:1:   layout_cave_shapes, serial_bayou_pond_e, grunt_megastairs_3,
          minmay_lair_oklob_chamber, lemuel_fruit_fields
Lair:2:   wad_woods_structure_01, layout_layer_cave, minmay_swamp_entry_worms,
          guppyfry_snake_entry_island, eino_small_chamber_without_monster,
          lemuel_oklob_altar
Lair:3:   layout_cave_shapes
Lair:4:   statuecave_lemuel, layout_layer_cave, wad_woods_06
Lair:5:   layout_regular_city, minmay_slime_entry_pillars

Skill      XL: |  1  2  3  4  5  6  7  8  9 10 11 12 13 14 15 |
---------------+----------------------------------------------+-----
Maces & Flails | 3 4 5 6 7 8 9 10 12 14 | 14.8
Dodging        | 1 2 3 4 |  4.4
Throwing       | 1 2 4 5 8 |  8.6
Stealth        | 1 2 |  2.0
Armour         | 3 5 6 7 9 |  9.3
Fighting       | 4 5 6 8 9 10 | 10.6
Invocations    | 3 5 6 7 9 |  9.0
Evocations     | 2 4 |  4.0
Axes           | 2 |  2.9
Slings         | 5 |  5.8
Shields        | 1 |  1.4

Action                   |  1- 3 |  4- 6 |  7- 9 | 10-12 | 13-15 || total
-------------------------+-------+-------+-------+-------+-------++-------
Melee: Mace              |   117 |   212 |   407 |   465 |       ||  1201
       Flail             |       |       |       |   325 |   852 ||  1177
       Hand axe          |       |       |       |    34 |       ||    34
 Fire: Hunting sling     |       |       |       |       |    10 ||    10
Throw: Dart              |       |     5 |    29 |    63 |    28 ||   125
       Boomerang         |       |       |       |     6 |       ||     6
Invok: Depart the Abyss  |     1 |       |       |       |       ||     1
 Abil: Fly               |       |       |       |       |     1 ||     1
       Stop Flying       |       |       |       |       |     1 ||     1
Evoke: Wand              |       |       |       |    15 |       ||    15
  Use: Scroll            |     6 |     8 |     8 |    11 |    11 ||    44
       Potion            |       |     3 |     1 |     6 |     2 ||    12
 Stab: Confused          |       |       |       |     6 |       ||     6
  Eat: Chunk             |     1 |     7 |     7 |    11 |    17 ||    43
       Ration            |       |       |     4 |     4 |     2 ||    10
Armor: Leather armour    |    52 |    94 |     3 |       |       ||   149
       Ring mail         |       |       |   157 |   157 |       ||   314
       Chain mail        |       |       |       |   191 |   445 ||   636
       Skin              |       |       |       |    21 |       ||    21
Dodge: Dodged            |    78 |   145 |   186 |   283 |   332 ||  1024
